cohdb
Replays
Latest Replays
All Replays
Popular Replays
Top Player Replays
Match Explorer
How It Works
Community
CoH3 Stats
Reddit
Sign in to upload your games and track your stats! →
Sign in with Steam
Match 46648518
Unlisted
Match 46648518
Overview
Messages
Build Orders
End
Construct Barracks
Selects Armored Battlegroup
Selects Veteran Crews
1⁄4-ton 4x4 Truck
Riflemen Squad
Riflemen Squad
Riflemen Squad
Construct Medical Station
Grenade Package
Infantry Support Center
Engineer Squad
Selects Fast Deploy
Construct Motor Pool
M1 Anti-tank Gun Team
M8 Greyhound Armored Car
Selects Field Repairs
Riflemen Squad
Advanced Logistics
M1918 Browning Automatic Rifles
Riflemen Squad
Dezman
Makros
0
0
Comments
sign in to comment!
No comments posted yet!